 Dungeon Crawl Stone Soup version 0.30-a0-748-ge6a52f7cba (webtiles) character file.

Game seed: 5517547870486846538

2785 themarg the Trooper (level 9, -3/64 HPs)
             Began as an Octopode Venom Mage on Feb 8, 2023.
             Was an Initiate of Uskayaw.
             Slain by a sky beast (4 damage)
             ... on level 8 of the Dungeon.
             The game lasted 00:47:25 (9051 turns).

themarg the Trooper (Octopode Venom Mage)           Turns: 9051, Time: 00:47:26

Health: -3/64      AC:  1    Str:  8    XL:     9   Next: 70%
Magic:  9/15       EV: 15    Int: 19    God:    Uskayaw [......]
Gold:   422        SH:  0    Dex: 14    Spells: 12/16 levels left

rFire   . . .      SeeInvis .    b - +0 short sword
rCold   . . .      Faith    .    (no shield)
rNeg    . . .      Spirit   .    (helmet restricted)
rPois   .          Reflect  .    g - amulet of magic regeneration
rElec   .          Harm     .    f - ring of willpower
rCorr   .          Rampage  .    (no ring)
Will    +....                    (no ring)
Stlth   ++++                     (no ring)
HPRegen 0.30/turn                (no ring)
MPRegen 0.54/turn                (no ring)
                                 (no ring)
                                 (no ring)

@: no status effects
A: almost no armour, amphibious, 8 rings, camouflage 1, gelatinous body 1,
(nimble swimmer 1), tentacles
a: Renounce Religion


You were on level 8 of the Dungeon.
You worshipped Uskayaw.
Uskayaw was noncommittal.
You visited 2 branches of the dungeon, and saw 9 of its levels.

You collected 422 gold pieces.

Inventory:

Hand Weapons
 b - a +0 short sword (weapon)
 r - a +4 whip
 H - a +0 dagger of speed
Missiles
 c - 82 stones
 o - 6 silver boomerangs
 p - 17 poisoned darts
 q - 8 boomerangs
 B - 5 javelins
 F - 6 curare-tipped darts
Jewellery
 f - a ring of willpower (left tentacle)
 g - an amulet of magic regeneration (around mantle)
 y - a ring of see invisible
Wands
 C - a wand of roots (6)
 I - a wand of mindburst (5)
Scrolls
 d - a scroll of torment {unknown}
 e - 2 scrolls of fear
 h - a scroll of magic mapping {unknown}
 i - 5 scrolls of teleportation
 j - a scroll of vulnerability {unknown}
 k - 3 scrolls of blinking
 l - 3 scrolls of noise
 m - a scroll of fog {unknown}
 s - a scroll of silence {unknown}
 t - 3 scrolls of enchant weapon
 u - a scroll of immolation {unknown}
 G - a scroll of acquirement {unknown}
Potions
 a - 2 potions of magic
 n - 5 potions of might
 v - a potion of cancellation
 w - 2 potions of haste
 x - 2 potions of mutation
 z - a potion of attraction {unknown}
 A - 3 potions of ambrosia {unknown}
 D - 2 potions of curing
 E - 2 potions of invisibility {unknown}


   Skills:
 + Level 7.1 Fighting
 - Level 5.0 Short Blades
 - Level 5.0 Dodging
 - Level 7.0 Stealth
 - Level 4.0 Spellcasting
 - Level 3.0 Conjurations
 - Level 1.8 Transmutations
 - Level 3.0 Air Magic
 - Level 5.0 Poison Magic


You had 12 spell levels left.
You knew the following spells:

 Your Spells              Type           Power      Damage    Failure   Level
a - Sting                 Tmut/Pois      64%        1d6       3%          1
b - Mephitic Cloud        Conj/Pois/Air  17%        N/A       10%         3

Your spell library contained the following spells:

 Spells                   Type           Power      Damage    Failure   Level
 Poisonous Vapours        Pois/Air       38%        N/A       4%          2
 Cigotuvi's Dreadful Rot  Necr/Pois/Air  26%        N/A       7%          2
 Olgreb's Toxic Radiance  Pois           22%        N/A       17%         4
 Lesser Beckoning         Tloc           6%         N/A       21%         2
 Scorch                   Fire           6%         2d5       21%         2
 Kindle Blastsparks       Fire/Tloc/Air  14%        2d11      26%         3
 Gell's Gravitas          Tloc           3%         N/A       38%         3
 Teleport Other           Tloc           3%         N/A       38%         3
 Flame Wave               Conj/Fire      9%         2d6       58%         4
 Fulminant Prism          Conj/Hex       4%         3d5       58%         4
 Iskenderun's Mystic Bla  Conj/Tloc      9%         2d4       58%         4
 Dispel Undead            Necr           3%         3d7       80%         4
 Lee's Rapid Deconstruct  Erth           1%         3d4*      98%         5
 Death Channel            Necr           1%         N/A       100%        6
 Summon Cactus Giant      Summ           1%         N/A       100%        6


Dungeon Overview and Level Annotations

Branches:
Dungeon (8/15)             Temple (1/1) D:5
   Lair: D:8-11

Altars:
Ashenzari
Cheibriados
Dithmenos
Elyvilon
Gozag
Hepliaklqana
Kikubaaqudgha
Makhleb
Nemelex Xobeh
Okawaru
Qazlal
Sif Muna
Uskayaw
Wu Jian
Xom
Yredelemnul
Zin
The Shining One

Shops:
D:3 [

Annotations:
D:4 Dowan, Duvessa, Menkaure
D:5 exclusion: water moccasin
D:6 2 transporters, jr88keys's ghost, novice MiFi


Innate Abilities, Weirdness & Mutations

You cannot wear most types of armour.
You are amphibious.
You can wear up to eight rings at the same time.
Your skin changes colour to match your surroundings (Stealth+).
Your rubbery body absorbs attacks. (AC +1, EV +1)
((You are camouflaged when in or above water. (Stealth+)))
You have tentacles for arms and can constrict up to eight enemies at once.


Message History

Press: ? - help, Shift-Dir - straight line Something barely misses you.
The orc hits you with a +0 hand axe.
Aiming: Mephitic Cloud (dangerous; 10% risk of failure)
Press: ? - help, Shift-Dir - straight line, f - orc
Aim: an orc, wielding a +0 hand axe and wearing a +0 chain mail (chance to affect: 96%) That beam is likely to hit you.
Continue anyway?
The ball explodes into a vile cloud!
The stinking cloud engulfs the orc but does no damage.
The stinking cloud engulfs you but does no damage.
You are engulfed in noxious fumes.
You hear a shout! x2
Something hits you. Something shocks you.
The orc is engulfed in noxious fumes.
The orc appears confused.
The orc misses you.
The orc barely misses itself.
An orc comes into view. It is wielding a +0 hand axe.
Something hits you. Something shocks you.
Aiming: Mephitic Cloud (dangerous; 10% risk of failure)
Press: ? - help, Shift-Dir - straight line, p - orc The ball explodes into a vile cloud!
The stinking cloud engulfs the orc but does no damage.
The stinking cloud engulfs something but does no damage.
Something hits you. Something shocks you.
* * * LOW HITPOINT WARNING * * *
An orc comes into view. It is wielding a +0 hand axe.
The orc is engulfed in noxious fumes.
The orc appears confused.
The orc barely misses you. Something closely misses you. Something hits you.
* * * LOW HITPOINT WARNING * * *
Something shocks you.
* * * LOW HITPOINT WARNING * * *
You hit something. You hit something. You squeeze something.
Something hits you.
* * * LOW HITPOINT WARNING * * *
Something shocks you.
* * * LOW HITPOINT WARNING * * *
Okay, then.
You stomp with the beat, sending a shockwave through the revellers around you!
You can no longer stomp with the beat.
Something hits you.
You die...

#### ..# #o#
#####
#.######.....
#######.......#
#.....o<.###.##
#.#####o....##
#....@...##.#
#.#####.###.#
#.# #).# #.#
....#
#.#.......
#..........
#..........#
........#.##
.#.#..#....#.#


You could see an orc (confused).

Vanquished Creatures
  Pikel (D:6)
  A water moccasin (D:5)
  An orc warrior (D:8)
  An ice beast (D:5)
  2 black bears
  An ogre (D:6)
  2 centaurs
  2 phantoms (D:5)
  2 kobold brigands
  2 bullfrogs
  5 scorpions
  2 necrophages (D:5)
  A gnoll sergeant (D:7)
  A wight (D:6)
  3 jellies
  3 hounds
  2 orc priests
  2 iguanas (D:7)
  An iron imp (D:6)
  Jessica (D:3)
  4 orc wizards
  7 gnolls
  12 adders
  2 shadow imps
  2 white imps
  An ufetubus (D:5)
  3 worms (D:2)
  11 orcs
  4 ball pythons
  7 bats
  8 endoplasms
  2 giant cockroaches
  7 goblins
  5 hobgoblins
  2 jackals (D:2)
  14 kobolds
  2 quokkas
  4 frilled lizards
  A goblin zombie (D:7)
  5 hobgoblin zombies (D:7)
  A kobold skeleton (D:7)
  2 orc zombies (D:7)
  A rat (D:2)
143 creatures vanquished.

Notes
Turn   | Place    | Note
-------+----------+-------------------------------------------
     0 | D:1      | themarg the Octopode Venom Mage began the quest for the
                  | Orb.
     0 | D:1      | Reached XP level 1. HP: 11/11 MP: 3/3
   129 | D:1      | Reached XP level 2. HP: 17/17 MP: 1/5
   810 | D:2      | Reached XP level 3. HP: 21/21 MP: 3/6
  1787 | D:2      | Reached XP level 4. HP: 27/27 MP: 4/7
  2022 | D:3      | Reached skill level 1 in Air Magic
  2060 | D:3      | Noticed a +0 dagger
  2061 | D:3      | Noticed a +0 falchion
  2062 | D:3      | Noticed a +0 short sword
  2062 | D:3      | Noticed a +0 short sword
  2063 | D:3      | Noticed a +0 falchion
  2063 | D:3      | Noticed a +0 spear
  2063 | D:3      | Noticed a +0 dagger
  2063 | D:3      | Noticed a +0 spear
  2176 | D:3      | Found an iron altar of Okawaru.
  2203 | D:3      | Found a hide-covered altar of Uskayaw.
  2209 | D:3      | Reached skill level 1 in Conjurations
  2344 | D:3      | Noticed Jessica
  2354 | D:3      | Killed Jessica
  2355 | D:3      | Reached XP level 5. HP: 31/31 MP: 8/8
  2462 | D:3      | Found Agiuq's Antique Armour Shop.
  2719 | D:4      | Noticed a black bear
  2725 | D:4      | Killed a black bear
  2726 | D:4      | Reached skill level 5 in Stealth
  2726 | D:4      | Reached skill level 1 in Fighting
  2726 | D:4      | Reached XP level 6. HP: 9/38 MP: 7/9
  3180 | D:4      | Noticed Menkaure
  4211 | D:4      | Noticed Duvessa
  4219 | D:4      | Noticed Dowan
  4303 | D:5      | Entered Level 5 of the Dungeon
  4304 | D:5      | Noticed a water moccasin
  4491 | D:4      | Found a sparkling altar of Nemelex Xobeh.
  5010 | D:5      | Reached XP level 7. HP: 35/49 MP: 10/10
  5020 | D:5      | Reached skill level 5 in Fighting
  5375 | D:5      | Learned a level 3 spell: Mephitic Cloud
  5786 | D:5      | Reached XP level 8. HP: 55/55 MP: 11/11
  5853 | D:5      | Found a staircase to the Ecumenical Temple.
  5868 | Temple   | Entered the Ecumenical Temple
  6120 | D:3      | Became a worshipper of Uskayaw the Reveller
  6202 | D:5      | Found a broken altar of Ashenzari.
  6205 | D:5      | Reached * piety under Uskayaw
  6217 | D:5      | Reached ** piety under Uskayaw
  6624 | D:6      | Noticed Pikel
  6639 | D:6      | Found a hazy altar of Hepliaklqana.
  6712 | D:6      | Found a transporter.
  6713 | D:6      | Noticed jr88keys's ghost (novice MiFi)
  6724 | D:6      | Found a transporter.
  6843 | D:6      | Reached skill level 1 in Short Blades
  6844 | D:6      | Reached *** piety under Uskayaw
  6846 | D:6      | Killed Pikel
  6847 | D:6      | Reached skill level 5 in Dodging
  6848 | D:6      | Reached **** piety under Uskayaw
  6852 | D:6      | Reached skill level 5 in Short Blades
  6855 | D:6      | Reached XP level 9. HP: 26/61 MP: 8/13
  6857 | D:6      | Reached ***** piety under Uskayaw
  7035 | D:6      | Found a snail-covered altar of Cheibriados.
  7663 | D:7      | Found a shimmering altar of Xom.
  7744 | D:7      | Found a glowing golden altar of the Shining One.
  8015 | D:7      | Reached skill level 5 in Poison Magic
  8646 | D:7      | Found an ancient bone altar of Kikubaaqudgha.
  9050 | D:8      | HP: 1/64 [something (5)]
  9051 | D:8      | Slain by a sky beast

Illustrated notes

Levels and vault maps discovered:
D:1:      mrwooster_arrival_arrow, layout_rooms
D:2:      layout_basic
D:3:      layout_basic, nicolae_uskayaw_en_pointe, mainiacjoe_overflow_brackets,
          serial_shops, shop_statue, uniq_jessica
D:4:      layout_loops_corners, nemelex_spade_bored_becter, roderic_lattice_a,
          minivault_26, nicolae_figureground_sparkle, uniq_duvessa,
          uniq_menkaure
D:5:      layout_basic, cheibrodos_ashenzari_chains,
          minmay_temple_entry_slanted, corexii_leaking_fountain
D:6:      layout_rooms, chei_slow_surprise, mainiacjoe_overflow_alcove_1,
          gammafunk_ghost_arena, serial_glass, glass_columns_c, glass_columns_b,
          glass_columns_a, glass_columns_b, minmay_between, uniq_pikel
D:7:      layout_gridville, nicolae_tso_besieged_by_evil,
          kiku_gazebo_pond_becter, mainiacjoe_overflow_alcove_4
D:8:      layout_loops_ring, vehumet_altar_wand_db,
          mainiacjoe_overflow_small_starburst, gammafunk_temple_overflow_pools,
          serial_shops, nicolae_shop_hallway_plus, doesnt_shop_hydraphobe
Temple:   chequers_temple_sunken

Skill      XL: |  1  2  3  4  5  6  7  8  9 |
---------------+----------------------------+-----
Stealth        | 3 4 5 7 |  7.0
Poison Magic   | 4 5 |  5.0
Air Magic      | 1 2 3 |  3.0
Conjurations   | 1 2 3 |  3.0
Fighting       | 1 4 5 7 |  7.1
Dodging        | 3 5 |  5.0
Short Blades   | 5 |  5.0
Spellcasting   | 3 4 |  4.0
Transmutations | |  1.8

Action                     |  1- 3 |  4- 6 |  7- 9 || total
---------------------------+-------+-------+-------++-------
  Melee: Short sword       |    30 |    63 |   232 ||   325
         Constrict         |    10 |    16 |    47 ||    73
         Tentacles         |     6 |    14 |    78 ||    98
         Punch             |       |     1 |     3 ||     4
   Cast: Sting             |    60 |    62 |    20 ||   142
         Mephitic Cloud    |       |       |    39 ||    39
 Invoke: Stomp             |       |       |     1 ||     1
  Evoke: Wand              |       |       |     2 ||     2
    Use: Potion            |     1 |       |     1 ||     2
         Scroll            |       |     6 |     6 ||    12
   Stab: Sleeping          |       |    12 |     3 ||    15
         Distracted        |       |     1 |       ||     1
         Confused          |       |       |    17 ||    17
         Paralysed         |       |       |     3 ||     3
 Armour: Skin              |     9 |     1 |    13 ||    23
  Dodge: Dodged            |    20 |    48 |   107 ||   175

Table legend: (Time is in decaauts)
 A = Elapsed time spent in this place.
 B = Non-inter-level travel time spent in this place.
 C = Inter-level travel time spent in this place.
 D = Time resting spent in this place.
 E = Time spent auto-exploring this place.
 F = Levels seen in this place.
 G = Mean time per level.
                   A        B        C        D        E       F      G
               +--------+--------+--------+--------+--------+-----+--------+
         Total |   9016 |   8556 |    460 |   2046 |   3741 |   9 | 1001.8 |
       Dungeon |   8821 |   8371 |    450 |   2046 |   3583 |   8 | 1102.6 |
        Temple |    195 |    185 |     10 |      0 |    158 |   1 |  195.0 |
               +--------+--------+--------+--------+--------+-----+--------+

Top non-repeatable levels by time:
     D:4: 1705 daAuts
     D:5: 1639 daAuts
     D:2: 1213 daAuts
     D:7: 1197 daAuts
     D:3: 1117 daAuts
     D:6: 1084 daAuts
     D:1: 802 daAuts
  Temple: 195 daAuts
     D:8: 61 daAuts
